Map: Nightscape LE

Players

BabySmuggler - Winner!

  • Race: Terran Terran
  • League: Platinum

observer - Winner!

  • Race: Zerg Zerg

Slushpuppies

  • Race: Terran Terran

bean

  • Race: Terran Terran
  • League: Platinum

VOD

Have the link to the VOD?

Description

Time

  • Played on: Dec. 22, 2021, 11:29 p.m.
  • Length: 6:02
Show
View Real Time Build Order
Export as new Build Order

BabySmuggler Terran - Winner!

Build Orders: 1/1/1, Liberator Opening 

Get SALT Encoding   

  12  0:00  SCV  
  13  0:13  SCV  
  14  0:22  Supply Depot  
  14  0:25  SCV  
  15  0:31  Refinery  
  15  0:43  SCV  
  15  0:45  Barracks  
  16  0:55  SCV  
  17  1:07  SCV  
  18  1:19  SCV  
  19  1:32  Marine  
  20  1:35  Factory  
  20  1:37  Orbital Command  
  20  1:41  Refinery  
  20  1:44  Supply Depot  
  20  1:59  Marine  
  21  2:06  SCV  
  22  2:17  Marine  
  22  2:20  Starport  
  23  2:24  Factory Tech Lab  
  23  2:34  Marine  
  24  3:01  Armory  
  24  3:18  Supply Depot  
  24  3:19  Hellion  
  26  3:33  Marine  
  27  3:34  Command Center  
  27  3:55  Fusion Core, Liberator  
  30  4:14  SCV  
  31  4:19  Factory Tech Lab  
  31  4:21  Barracks Tech Lab  
  31  4:28  Barracks  
  29  4:51  Command Center  
  29  4:59  SCV  
  35  5:11  SCV  
  35  5:13  Refinery, SCV  
  37  5:20  Refinery  
  33  5:23  SCV  
  33  5:25  SCV  
  35  5:36  SCV  
Show
View Real Time Build Order
Export as new Build Order

observer Zerg - Winner!

Build Orders: Hatch First 

Get SALT Encoding   

  12  0:02  Drone  
  13  0:13  Overlord  
  13  0:18  Drone  
  14  0:32  Drone  
  15  0:37  Drone x2  
  17  1:07  Hatchery  
  17  1:09  Spawning Pool  
  15  1:12  Extractor  
  15  1:13  Drone  
  15  1:20  Drone x2  
  17  1:40  Drone x2  
  19  1:56  Zergling x2  
  19  1:57  Queen  
  22  2:06  Overlord  
  22  2:21  Zergling x4  
  22  2:22  Zergling x2  
  25  2:27  Metabolic Boost  
  25  2:30  Queen  
  25  2:31  Overlord  
  27  3:17  Zergling x4  
  27  3:18  Zergling x12  
  27  3:19  Zergling x2  
  36  3:29  Overlord  
  36  3:38  Overlord  
  36  3:42  Lair  
  36  3:55  Drone x3  
  38  3:56  Drone x4  
  43  4:03  Baneling Nest  
  35  4:48  Zergling x12  
  35  4:49  Zergling x6  
  35  4:51  Baneling x2  
  35  4:52  Baneling  
  44  5:46  Spire  
Show
View Real Time Build Order
Export as new Build Order

Slushpuppies Terran 

Build Orders: 2 Factory, Mech 

Get SALT Encoding   

  12  0:00  SCV  
  13  0:12  SCV  
  14  0:17  Supply Depot  
  14  0:27  SCV  
  15  0:43  Barracks  
  15  0:44  SCV  
  16  0:56  SCV  
  17  1:11  Command Center  
  17  1:18  SCV  
  17  1:21  Refinery  
  18  1:30  Orbital Command  
  18  1:59  SCV  
  19  2:02  Marine  
  20  2:11  SCV  
  20  2:13  Refinery  
  20  2:43  Factory  
  21  2:44  SCV  
  21  2:45  Marine  
  22  2:57  Factory  
  22  3:03  Marine, SCV  
  24  3:06  Orbital Command  
  24  3:15  SCV  
  25  3:20  Marine  
  26  3:27  Hellion, SCV  
  29  3:38  Marine  
  29  3:39  Starport, SCV  
  31  3:41  Factory Tech Lab  
  31  3:51  SCV  
  32  3:56  Marine  
  33  4:03  Siege Tank  
  33  4:05  Factory Reactor  
  36  4:14  Marine  
  30  4:40  Hellion  
  30  4:54  Marine  
  30  4:57  Hellion  
  30  4:58  Hellion  
  35  5:01  Hellion  
  37  5:09  SCV  
  38  5:21  Factory  
  38  5:24  Supply Depot  
  38  5:26  Supply Depot  
  38  5:27  Supply Depot  
  38  5:28  SCV  
  38  5:42  SCV  
  38  5:43  Marine  
  38  5:46  Engineering Bay  
Show
View Real Time Build Order
Export as new Build Order

bean Terran 

Build Orders:  

Get SALT Encoding   

  12  0:00  SCV  
  13  0:12  SCV  
  14  0:18  Supply Depot  
  14  0:24  SCV  
  15  0:40  SCV  
  16  0:43  Barracks  
  16  0:48  Refinery  
  16  0:52  SCV  
  17  1:04  SCV  
  18  1:16  SCV  
  19  1:30  Orbital Command  
  19  1:41  Command Center, Barracks Reactor  
  19  1:58  SCV  
  20  2:10  Supply Depot  
  20  2:15  SCV  
  21  2:17  Marine x2  
  23  2:31  SCV  
  23  2:34  Barracks  
  24  2:37  Marine, Refinery, Barracks  
  24  2:38  Marine  
  24  2:43  SCV  
  26  2:56  SCV  
  27  3:01  Orbital Command  
  27  3:05  Marine  
  27  3:06  Marine  
  27  3:08  SCV  
  30  3:17  Factory  
  30  3:20  SCV  
  30  3:23  Barracks Tech Lab  
  30  3:24  Barracks Tech Lab  
  30  3:26  Marine  
  32  3:28  SCV  
  32  3:32  SCV  
  34  3:40  Supply Depot, SCV  
  35  3:41  Marine  
  35  3:43  Marine  
  35  3:44  SCV  
  35  3:47  Stimpack  
  38  3:51  Combat Shield  
  38  3:53  SCV  
  39  3:56  SCV  
  39  3:59  Marine  
  41  4:04  Supply Depot  
  41  4:05  SCV  
  36  4:21  Marine x4  
  40  4:31  Factory Reactor  
  40  4:35  Starport  
  38  4:39  Marine x4  
  36  4:56  Marine  
  36  4:57  Marine x3  
  40  5:08  Engineering Bay  
  40  5:14  Marine x3, SCV  
  40  5:15  Marine  
  40  5:19  Factory Tech Lab  
  45  5:31  SCV  
  46  5:46  Supply Depot  
  46  5:49  Supply Depot  
Tags
 
Add a new tag
Caveats
  • Supply blocks, unpowered buildings, or Contaminate may cause inaccurate times.
  • Supply counts are checked every 10 seconds.